 Dungeon Crawl Stone Soup version 0.22-a0-126-g307c7c3 (webtiles) character file.

128 TheGoonsmith the Insei (level 5, -1/40 HPs)
             Began as a Gnoll Transmuter on Jan 30, 2018.
             Slain by a sky beast (5 damage)
             ... on level 2 of the Dungeon.
             The game lasted 00:04:36 (2580 turns).

TheGoonsmith the Insei (Gnoll Transmuter)           Turns: 2580, Time: 00:04:37

Health: -1/40      AC:  2    Str: 12    XL:     5   Next: 11%
Magic:  9/12       EV: 24    Int: 16    God:
Gold:   86         SH:  0    Dex: 21    Spells: 8/14 levels left

rFire    . . .     SeeInvis .     - Unarmed
rCold    . . .     Gourm    .   (shield currently unavailable)
rNeg     . . .     Faith    .   (armour currently unavailable)
rPois    x         Spirit   .   (helmet currently unavailable)
rElec    .         Reflect  .   (cloak currently unavailable)
rCorr    .         Harm     .   (gloves currently unavailable)
MR       .....                  (boots currently unavailable)
Stlth    ++........             (no amulet)
HPRegen  0.13/turn              (no ring)
MPRegen  0.13/turn              (no ring)

@: spider-form (expiring)
A: tiny, distributed training, strong nose
a: End Transformation


You were on level 2 of the Dungeon.
You were not hungry.
You were a venomous arachnid creature.
You visited 1 branch of the dungeon, and saw 2 of its levels.

You collected 86 gold pieces.

Inventory:

Hand Weapons
 i - a +0 dagger
 l - a +0 mace (melded)
 o - a +0 whip
Missiles
 a - 40 arrows
 f - 59 stones (quivered)
Armour
 b - a +0 robe (melded)
 q - a +0 pair of gloves
Jewellery
 h - an uncursed ring of see invisible {unknown}
 j - an uncursed ring of fire {unknown}
Scrolls
 n - 4 scrolls of fog {unknown}
 p - a scroll of teleportation {unknown}
 s - a scroll of identify {unknown}
 t - a scroll of immolation {unknown}
 u - a scroll of blinking {unknown}
Potions
 e - 2 potions of curing
 g - a potion of haste {unknown}
 k - a potion of flight {unknown}
 m - 2 potions of ambrosia {unknown}
 r - a potion of lignification {unknown}
Books
 c - a book of Changes

   Spells                             Type                      Level
   a - Beastly Appendage              Transmutation                1
   b - Sticks to Snakes               Transmutation                2
   c - Spider Form                    Transmutation/Poison         3
   d - Ice Form                       Ice/Transmutation            4
   e - Blade Hands                    Transmutation                5
Comestibles
 d - 4 rations


   Skills:
 + Level 2.9 Fighting
 + Level 1.3 Short Blades
 + Level 1.3 Long Blades
 + Level 1.3 Axes
 + Level 1.3 Maces & Flails
 + Level 1.3 Polearms
 + Level 1.3 Staves
 + Level 1.3 Slings
 + Level 1.3 Bows
 + Level 1.3 Crossbows
 + Level 1.3 Throwing
 + Level 1.3 Armour
 + Level 4.7 Dodging
 + Level 1.3 Stealth
 + Level 1.3 Shields
 + Level 6.6 Unarmed Combat
 + Level 5.1 Spellcasting
 + Level 1.1 Conjurations
 + Level 1.1 Hexes
 + Level 1.1 Charms
 + Level 1.1 Summonings
 + Level 1.1 Necromancy
 + Level 1.1 Translocations
 + Level 3.9 Transmutations
 + Level 1.1 Fire Magic
 + Level 1.1 Ice Magic
 + Level 1.1 Air Magic
 + Level 1.1 Earth Magic
 + Level 1.1 Poison Magic
 + Level 1.5 Invocations
 + Level 1.3 Evocations


You had 8 spell levels left.
You knew the following spells:

 Your Spells              Type           Power        Failure   Level  Hunger
a - Beastly Appendage     Tmut           ###...       11%         1    None
b - Sticks to Snakes      Tmut           ###.....     13%         2    #......
c - Spider Form           Tmut/Pois      ##........   34%         3    ###....


Dungeon Overview and Level Annotations

Branches:
Dungeon (2/15)

Altars:
Qazlal

Annotations:
D:2 1 transporter


Innate Abilities, Weirdness & Mutations

Your experience applies equally to all skills.
((You have very sharp teeth.))
Your uncanny sense of smell can sniff out nearby items.


Message History

The adder barely misses you.
The howler monkey hoots and howls with incredible vigour!
You hit the adder.
The adder is heavily wounded.
The adder misses you. Something hits you.
* * * LOW HITPOINT WARNING * * *
Something shocks you.
* * * LOW HITPOINT WARNING * * *
The howler monkey closely misses you.
You feel better. The adder completely misses you. Something barely misses you.
The howler monkey closely misses you.
You closely miss the adder.
The adder is heavily wounded.
Your transformation is almost over.
The adder completely misses you.
The howler monkey completely misses you.
Something hits you.
* * * LOW HITPOINT WARNING * * *
Something shocks you.
You die...

######.## ### #.#
#.#############.##
#.##.............#
##'#..#########...#
##....##...©...##..#
##.....#8.......8#..##
##......#$%.......#...#
##.......#.%.....S.#...#
.+...[..©#_$....sh.#©..#
##.......#"$.....{.#..##
###......#$$.......#.##
# ##.....#8.......8#.# #
##....##.......##.#
#####+#..#########..#
#..................##
#.###.......#####.##
#.###.#...........#


You could see a howler monkey and an adder.

Vanquished Creatures
  A crimson imp (D:2)
  A worker ant (D:2)
  2 adders (D:2)
  An ooze (D:1)
  4 dart slugs (D:1)
  A leopard gecko (D:2)
  2 ball pythons (D:1)
  5 goblins
  4 hobgoblins
  4 jackals (D:1)
  A quokka (D:2)
  3 bats
  3 frilled lizards
  3 kobolds (D:1)
  8 rats
43 creatures vanquished.

Notes
Turn   | Place    | Note
-------+----------+-------------------------------------------
     0 | D:1      | TheGoonsmith the Gnoll Transmuter began the quest for the Orb.
     0 | D:1      | Reached XP level 1. HP: 17/17 MP: 6/6
   109 | D:1      | Reached XP level 2. HP: 23/23 MP: 7/7
   569 | D:1      | Reached skill level 5 in Spellcasting
   569 | D:1      | Reached XP level 3. HP: 23/28 MP: 6/9
   791 | D:1      | Learned a level 2 spell: Sticks to Snakes
   795 | D:1      | Learned a level 3 spell: Spider Form
  1447 | D:2      | Found a transporter.
  1447 | D:2      | Found a transporter.
  1448 | D:2      | Noticed a sky beast
  1450 | D:2      | Found a stormy altar of Qazlal.
  1529 | D:2      | Reached skill level 1 in Invocations
  1831 | D:2      | Reached skill level 1 in Short Blades
  1831 | D:2      | Reached skill level 1 in Long Blades
  1831 | D:2      | Reached skill level 1 in Axes
  1831 | D:2      | Reached skill level 1 in Maces & Flails
  1831 | D:2      | Reached skill level 1 in Polearms
  1831 | D:2      | Reached skill level 1 in Staves
  1831 | D:2      | Reached skill level 1 in Slings
  1831 | D:2      | Reached skill level 1 in Bows
  1831 | D:2      | Reached skill level 1 in Crossbows
  1831 | D:2      | Reached skill level 1 in Throwing
  1831 | D:2      | Reached skill level 1 in Armour
  1831 | D:2      | Reached skill level 1 in Stealth
  1831 | D:2      | Reached skill level 1 in Shields
  1831 | D:2      | Reached skill level 1 in Evocations
  1966 | D:2      | Reached XP level 4. HP: 21/34 MP: 9/11
  2572 | D:2      | Reached skill level 1 in Conjurations
  2572 | D:2      | Reached skill level 1 in Hexes
  2572 | D:2      | Reached skill level 1 in Charms
  2572 | D:2      | Reached skill level 1 in Summonings
  2572 | D:2      | Reached skill level 1 in Necromancy
  2572 | D:2      | Reached skill level 1 in Translocations
  2572 | D:2      | Reached skill level 1 in Fire Magic
  2572 | D:2      | Reached skill level 1 in Ice Magic
  2572 | D:2      | Reached skill level 1 in Air Magic
  2572 | D:2      | Reached skill level 1 in Earth Magic
  2572 | D:2      | Reached skill level 1 in Poison Magic
  2576 | D:2      | Reached XP level 5. HP: 15/40 MP: 9/12
  2578 | D:2      | HP: 1/40 [something (5)]
  2580 | D:2      | Slain by a sky beast

Vault maps used:
D:1:      dpeg_arrival_renting
D:2:      gammafunk_temple_overflow_arena

Skill      XL: |  1  2  3  4 |
---------------+-------------+-----
Spellcasting   | 5 |  5.1
Invocations    | 1 |  1.5
Short Blades   | 1 |  1.3
Long Blades    | 1 |  1.3
Axes           | 1 |  1.3
Maces & Flails | 1 |  1.3
Polearms       | 1 |  1.3
Staves         | 1 |  1.3
Slings         | 1 |  1.3
Bows           | 1 |  1.3
Crossbows      | 1 |  1.3
Throwing       | 1 |  1.3
Armour         | 1 |  1.3
Stealth        | 1 |  1.3
Shields        | 1 |  1.3
Evocations     | 1 |  1.3
Conjurations   | 1 |  1.1
Hexes          | 1 |  1.1
Charms         | 1 |  1.1
Summonings     | 1 |  1.1
Necromancy     | 1 |  1.1
Translocations | 1 |  1.1
Fire Magic     | 1 |  1.1
Ice Magic      | 1 |  1.1
Air Magic      | 1 |  1.1
Earth Magic    | 1 |  1.1
Poison Magic   | 1 |  1.1
Fighting       | |  2.9
Dodging        | |  4.7
Unarmed Combat | |  6.6
Transmutations | |  3.9

Action                   |  1- 3 |  4- 6 || total
-------------------------+-------+-------++-------
Melee: Unarmed           |    22 |    12 ||    34
       Bite              |    15 |     1 ||    16
       Punch             |     4 |     1 ||     5
       Dagger            |    68 |       ||    68
       Kick              |     9 |       ||     9
       Headbutt          |     1 |       ||     1
       Mace              |    54 |    16 ||    70
 Cast: Beastly Appendage |    15 |     1 ||    16
       Spider Form       |       |     1 ||     1
  Use: Potion            |     1 |     2 ||     3
 Stab: Sleeping          |     1 |     1 ||     2
  Eat: Chunk             |     3 |     2 ||     5
Armor: Robe              |    26 |     2 ||    28
       Skin              |       |     4 ||     4
Dodge: Dodged            |   120 |    54 ||   174

Table legend:
 A = Spawn XP
 B = Non-spawn XP
 C = Spawn XP percentage of total XP
 D = Spawn monster count
 E = Non-spawn monster count
 F = Spawn count percentage of total count
 G = Total turns spent on level
                    A         B        C        D         E        F      G
               +---------+---------+-------+---------+---------+-------+---------
         Total |       0 |     183 |   0.0 |       0 |      43 |   0.0 |  2580
               +---------+---------+-------+---------+---------+-------+---------
           D:1 |       0 |      53 |   0.0 |       0 |      25 |   0.0 |  1191
           D:2 |       0 |     130 |   0.0 |       0 |      18 |   0.0 |  1389
               +---------+---------+-------+---------+---------+-------+---------
